 Dungeon Crawl Stone Soup version 0.22.0-27-ga576289601 (webtiles) character file.

420 Brecoman the Insei (level 6, -4/53 HPs)
             Began as a Draconian Transmuter on Aug 22, 2018.
             Slain by a worker ant (5 damage)
             ... on level 4 of the Dungeon.
             The game lasted 00:20:09 (4109 turns).

Brecoman the Insei (Draconian Transmuter)           Turns: 4109, Time: 00:20:10

Health: -4/53      AC:  7    Str: 17    XL:     6   Next: 62%
Magic:  9/9        EV: 18    Int: 15    God:
Gold:   200        SH:  0    Dex: 17    Spells: 2/9 levels left

rFire    . . .     SeeInvis .     - Unarmed
rCold    . . .     Gourm    .   (no shield)
rNeg     . . .     Faith    .   (armour unavailable)
rPois    .         Spirit   .   (helmet restricted)
rElec    .         Reflect  .   (no cloak)
rCorr    .         Harm     .   (no gloves)
MR       .....                  r - +0 pair of boots
Stlth    +++.......             (no amulet)
HPRegen  0.17/turn              (no ring)
MPRegen  0.11/turn              (no ring)

@: mighty, agile, lethally poisoned (-4 -> -10)
A: unfitting armour, cold-blooded, AC +6
a: no special abilities


You were on level 4 of the Dungeon.
You were hungry.

You visited 1 branch of the dungeon, and saw 4 of its levels.

You collected 200 gold pieces.

Inventory:

Hand Weapons
 a - a +1 hunting sling of velocity
Missiles
 e - 115 stones (quivered)
 k - 34 sling bullets
 t - 46 arrows
Armour
 r - a +0 pair of boots (worn)
Jewellery
 u - a +4 ring of slaying {unknown}
 z - a +5 ring of slaying {unknown}
Wands
 v - a wand of paralysis (12)
Scrolls
 f - a scroll of magic mapping {unknown}
 g - 5 scrolls of remove curse {unknown}
 i - 4 scrolls of identify {unknown}
 m - 3 scrolls of teleportation {unknown}
 p - 4 scrolls of amnesia {unknown}
 q - a scroll of noise {unknown}
 x - a scroll of enchant armour {unknown}
 y - a scroll of blinking {unknown}
Potions
 d - a potion of agility
 h - a potion of might
 j - 2 potions of curing {unknown}
 l - a potion of experience {unknown}
 n - a potion of brilliance {unknown}
 o - a potion of magic {unknown}
 s - 2 potions of heal wounds {unknown}
 w - a potion of cancellation {unknown}
Comestibles
 b - 3 chunks of flesh
 c - 6 rations


   Skills:
 * Level 4.5 Fighting
 - Level 2.0 Dodging
 + Level 4.5 Unarmed Combat
 - Level 2.3 Spellcasting
 + Level 3.6 Transmutations
 + Level 1.9 Ice Magic


You had 2 spell levels left.
You knew the following spells:

 Your Spells              Type           Power        Failure   Level  Hunger
a - Beastly Appendage     Tmut           ##....       4%          1    #......
b - Sticks to Snakes      Tmut           ##......     8%          2    ###....
c - Ice Form              Ice/Tmut       ##......     56%         4    #####..

Your spell library contained the following spells:

 Spells                   Type           Power        Failure   Level  Hunger
 Spider Form              Tmut/Pois      #.........   30%         3    ###....
 Blade Hands              Tmut           ##........   80%         5    ######.


Dungeon Overview and Level Annotations

Branches:
Dungeon (4/15)
 Temple: D:4-7

Altars:

Shops:
D:4 *


Innate Abilities, Weirdness & Mutations

Your plain brown scales are hard. (AC +6)
You cannot fit into any form of body armour.
You are cold-blooded and may be slowed by cold attacks.


Message History

The worker ant bites you but does no damage.
The worker ant bites you.
* * * LOW HITPOINT WARNING * * *
You are poisoned.
The worker ant poisons you!
You feel sick.
You feel sick. The worker ant bites you!
* * * LOW HITPOINT WARNING * * *
You are more poisoned.
The worker ant poisons you!
* * * LOW HITPOINT WARNING * * *
You feel sick.
It was a potion of agility.
You feel agile all of a sudden. The worker ant closely misses you.
It was a potion of might.
You feel very mighty all of a sudden.
* * * LOW HITPOINT WARNING * * *
You feel sick. The worker ant bites you.
You die...

###### ######
#....####.....
#####.##>...'.....
#......).####.....
#.##.......##<....
#.###....#.##.....
#.# #.####.##.....
#.# #.# #.##.....
#@###.####.##.....
#a##.......#######
#.##............#
#.##.......)....#
#.###...........#
#.# #...........#
#.###...........#
#.#.............#
#.#.........#####


You could see a worker ant.

Vanquished Creatures
  Edmund (D:4)
  An ogre (D:4)
  An orc wizard (D:4)
  An iguana (D:4)
  A worker ant (D:4)
  A gnoll (D:1)
  5 adders
  2 oozes
  3 worms
  4 dart slugs
  5 leopard geckos
  4 orcs
  6 bats
  7 giant cockroaches
  10 hobgoblins
  8 jackals
  5 kobolds
  4 quokkas
  2 ball pythons
  10 frilled lizards
  7 goblins
  A quokka skeleton (D:4)
  8 rats
  A bush (D:1)
98 creatures vanquished.

Vanquished Creatures (collateral kills)
  2 orcs (D:4)
  A hobgoblin (D:2)
  A quokka (D:4)
  A kobold (D:2)
  A rat (D:3)
6 creatures vanquished.

Grand Total: 104 creatures vanquished

Notes
Turn   | Place    | Note
-------+----------+-------------------------------------------
     0 | D:1      | Brecoman the Draconian Transmuter began the quest for the Orb.
     0 | D:1      | Reached XP level 1. HP: 16/16 MP: 3/3
    63 | D:1      | Reached XP level 2. HP: 18/23 MP: 3/5
   587 | D:1      | Reached XP level 3. HP: 28/28 MP: 4/6
  1402 | D:2      | Learned a level 2 spell: Sticks to Snakes
  1575 | D:2      | Reached XP level 4. HP: 36/36 MP: 5/7
  2604 | D:3      | Learned a level 4 spell: Ice Form
  3040 | D:3      | Reached XP level 5. HP: 45/45 MP: 8/8
  3593 | D:4      | Found Uthrip's Serpentskin Sales.
  3639 | D:4      | Reached skill level 1 in Ice Magic
  3716 | D:4      | Noticed Edmund
  3740 | D:4      | Killed Edmund
  3740 | D:4      | Reached XP level 6. HP: 28/52 MP: 0/9
  4106 | D:4      | HP: 2/53 [worker ant (8)]
  4109 | D:4      | Slain by a worker ant

Skill      XL: |  1  2  3  4  5 |
---------------+----------------+-----
Dodging        | 2 |  2.0
Fighting       | 2 3 4 |  4.5
Unarmed Combat | 4 |  4.5
Transmutations | 3 |  3.6
Ice Magic      | 1 |  1.9
Spellcasting   | |  2.3

Action                   |  1- 3 |  4- 6 || total
-------------------------+-------+-------++-------
Melee: Unarmed           |   224 |    98 ||   322
       Headbutt          |     9 |     7 ||    16
       Tailslap          |    29 |     7 ||    36
       Kick              |    31 |       ||    31
       Punch             |     4 |     1 ||     5
 Fire: Hunting sling     |       |   101 ||   101
 Cast: Beastly Appendage |    30 |    16 ||    46
       Sticks to Snakes  |     3 |    15 ||    18
  Use: Potion            |       |     2 ||     2
 Stab: Sleeping          |     1 |       ||     1
  Eat: Chunk             |     3 |     9 ||    12
Armor: Skin              |    42 |    54 ||    96
Dodge: Dodged            |    83 |   119 ||   202
